 Dungeon Crawl Stone Soup version 0.27-a0-607-g1ad3dbde53 (webtiles) character file.

Game seed: 6274668419669035768

56 Gaff the Grasshopper (level 3, -8/37 HPs)
             Began as an Ogre Warper on Mar 13, 2021.
             Mangled by a gnoll
             ... wielding a +0 spear
              (9 damage)
             ... on level 3 of the Dungeon.
             The game lasted 00:03:44 (2615 turns).

Gaff the Grasshopper (Ogre Warper)                  Turns: 2615, Time: 00:03:44

Health: -8/37      AC:  3    Str: 16    XL:     3   Next: 97%
Magic:  7/7        EV: 10    Int: 14    God:
Gold:   172        SH:  0    Dex:  8    Spells: 2/7 levels left

rFire    . . .     SeeInvis .   k - +0 flail
rCold    . . .     Faith    .   (no shield)
rNeg     . . .     Spirit   .   b - +0 robe
rPois    .         Reflect  .   (helmet restricted)
rElec    .         Harm     .   (no cloak)
rCorr    .         Rampage  .   (gloves unavailable)
Will     .....                  (boots unavailable)
Stlth    +.........             (no amulet)
HPRegen  0.12/turn              (no ring)
MPRegen  0.10/turn              (no ring)

@: no status effects
A: large, unfitting armour, tough skin 1
a: no special abilities


You were on level 3 of the Dungeon.
You visited 1 branch of the dungeon, and saw 3 of its levels.

You collected 172 gold pieces.

Inventory:

Hand Weapons
 a - a +0 mace
 k - a +0 flail (weapon)
Missiles
 e - 5 boomerangs of dispersal (quivered)
 o - 4 boomerangs
Armour
 b - a +0 robe (worn)
Wands
 j - a wand of paralysis (6)
 l - a wand of charming (9)
 n - a wand of digging (3)
Scrolls
 c - 4 scrolls of identify {unknown}
 d - a scroll of blinking
 g - a scroll of immolation {unknown}
 i - a scroll of fear {unknown}
Potions
 f - a potion of brilliance {unknown}
 h - 2 potions of flight {unknown}
 m - a potion of magic {unknown}


   Skills:
 + Level 3.1 Fighting
 + Level 2.4 Maces & Flails
 - Level 1.0 Throwing
 + Level 2.6 Dodging
 + Level 2.8 Spellcasting
 + Level 3.2 Translocations


You had 2 spell levels left.
You knew the following spells:

 Your Spells              Type           Power      Damage    Failure   Level
a - Blink                 Tloc           N/A        N/A       9%          2
b - Gell's Gravitas       Tloc           5%         N/A       17%         3

Your spell library contained the following spells:

 Spells                   Type           Power      Damage    Failure   Level
 Lesser Beckoning         Tloc           5%         N/A       17%         3
 Teleport Other           Tloc           11%        N/A       17%         3
 Manifold Assault         Tloc           11%        N/A       50%         4


Dungeon Overview and Level Annotations

Branches:
Dungeon (3/15)

Altars:
Xom
Zin


Innate Abilities, Weirdness & Mutations

You are too large for most types of armour.
You have tough skin. (AC +1)


Message History

This spell is quite dangerous to cast!
Memorise Gell's Gravitas, consuming 3 spell levels and leaving 2?
The hobgoblin shouts!
You start memorising the spell.
You continue memorising. x3
You finish memorising.
Spell assigned to 'b'.
You hit the hobgoblin but do no damage. The hobgoblin completely misses you.
You barely miss the hobgoblin. The hobgoblin barely misses you.
You hit the hobgoblin but do no damage. The hobgoblin barely misses you.
You thump the hobgoblin!
You kill the hobgoblin!
h - 2 red potions (gained 1)
Things that are here:
a +0 club; a +0 ring mail A gnoll comes into view.
It is wielding a +0 spear.
The gnoll shouts!
A gnoll comes into view. It is wielding a +0 spear.
The gnoll shouts!
A gnoll comes into view. It is wielding a +0 halberd.
The gnoll hits you with a +0 spear!
You see here a giant cockroach corpse.
Things that are here:
a +0 club; a +0 ring mail The gnoll hits you from afar with a +0 spear!
The gnoll hits you with a +0 spear!
You closely miss the gnoll. The gnoll barely misses you.
The gnoll hits you with a +0 spear!
* * * LOW HITPOINT WARNING * * *
The gnoll hits you but does no damage.
You thump the gnoll!
The gnoll is heavily wounded.
The gnoll hits you with a +0 spear.
* * * LOW HITPOINT WARNING * * *
The gnoll hits you from afar with a +0 spear.
* * * LOW HITPOINT WARNING * * *
You closely miss the gnoll.
The gnoll is heavily wounded.
The gnoll hits you with a +0 spear.
* * * LOW HITPOINT WARNING * * *
The gnoll closely misses you. The gnoll hits you with a +0 spear!
You die...

#.# ######.##.).... #.#
#.......#.##### #.#
##.####.....#### #.#
#....<....#..... #.#
#..####.#...#### ####.###..#
#.##...... #.........# #.##.#####
.##.# ##.##g###.#####.##.#####
...# #g..#.g@..)<....#....... #..#
#...#####.#######..#####
#..#####...#####.##.......###..
#..#...................#...##.#
#.....>....................#...
###.##..g.......##.##.##.#...รท...
........##...####...#.##.##.##...
###.###.##...# #.#...##.##.###.#
....# #)##...# #...#.##.##.# #)#


You could see 2 gnolls.

Vanquished Creatures
  An adder (D:2)
  2 dart slugs (D:3)
  3 leopard geckos
  5 orcs
  6 bats
  6 giant cockroaches
  2 goblins
  4 hobgoblins
  A frilled lizard (D:2)
  2 kobolds (D:1)
  A rat (D:3)
33 creatures vanquished.

Vanquished Creatures (others)
  A hobgoblin (D:3)
  A frilled lizard (D:3)
2 creatures vanquished.

Grand Total: 35 creatures vanquished

Notes
Turn   | Place    | Note
-------+----------+-------------------------------------------
     0 | D:1      | Gaff the Ogre Warper began the quest for the Orb.
     0 | D:1      | Reached XP level 1. HP: 22/22 MP: 3/3
   937 | D:2      | Reached XP level 2. HP: 26/29 MP: 5/5
   940 | D:2      | Learned a level 2 spell: Blink
  1648 | D:3      | Reached XP level 3. HP: 37/37 MP: 6/6
  2398 | D:3      | Found a glowing silver altar of Zin.
  2399 | D:3      | Noticed an angel
  2400 | D:3      | Found a shimmering altar of Xom.
  2537 | D:3      | Learned a level 3 spell: Gell's Gravitas
  2615 | D:3      | HP: 1/37 [gnoll/+0 spear (6)]
  2615 | D:3      | Mangled by a gnoll

Illustrated notes

Levels and vault maps discovered:
D:1:      amcnicky_arrival_feature_with_door, layout_loops_ring
D:2:      layout_rooms
D:3:      layout_loops_ring, grunt_temple_overflow_order_and_chaos_1,
          grunt_qazlal_clouds, kennysheep_another_room

Skill      XL: |  1  2 |
---------------+-------+-----
Maces & Flails | 2 |  2.4
Fighting       | 3 |  3.1
Translocations | 3 |  3.2
Throwing       | |  1.0
Dodging        | |  2.6
Spellcasting   | |  2.8

Action                   || total
-------------------------++-------
Melee: Mace              ||    72
       Flail             ||    56
Armor: Robe              ||    58
Dodge: Dodged            ||   106

Table legend: (Time is in decaauts)
 A = Elapsed time spent in this place.
 B = Non-inter-level travel time spent in this place.
 C = Inter-level travel time spent in this place.
 D = Time resting spent in this place.
 E = Time spent auto-exploring this place.
 F = Levels seen in this place.
 G = Mean time per level.
                   A        B        C        D        E       F      G
               +--------+--------+--------+--------+--------+-----+--------+
         Total |   2652 |   2579 |     73 |    818 |   1324 |   3 |  884.0 |
       Dungeon |   2652 |   2579 |     73 |    818 |   1324 |   3 |  884.0 |
               +--------+--------+--------+--------+--------+-----+--------+

Top non-repeatable levels by time:
     D:2: 959 daAuts
     D:1: 910 daAuts
     D:3: 783 daAuts
